 Dungeon Sprint DCSS version 0.20.1-1-g8b1a95d (webtiles) character file.

64 suicidejoker the Covert (level 4, 0/27 HPs)
             Began as an Octopode Enchanter on Sept 5, 2017.
             Succumbed to a worker ant's poison
             ... while paralysed
             ... in the Dungeon (Sprint IX: "|||||||||||||||||||||||||||||").
             The game lasted 00:00:31 (199 turns).

suicidejoker the Covert (Octopode Enchanter)         Turns: 199, Time: 00:00:32

Health: 0/27       AC:  1    Str:  8    XL:     4   Next: 12%
Magic:  6/8        EV:  2    Int: 17    God:
Gold:   0          SH:  0    Dex: 12    Spells: 7/8 levels left

rFire    . . .     SeeInvis .   a - +1 dagger
rCold    . . .     Gourm    .   (no shield)
rNeg     . . .     Faith    .   (helmet restricted)
rPois    .         Spirit   .   (no amulet)
rElec    .         Reflect  .   (no ring)
rCorr    .         Harm     .   (no ring)
MR       .....     NoTele   +   (no ring)
Stlth    +++++.....             (no ring)
Regen    0.1/turn               (no ring)
MPRegen  0.2/turn               (no ring)
                                (no ring)
                                (no ring)

@: paralysed, lethally poisoned (0 -> -13), berserk cooldown, slowed
A: almost no armour, stealthy swim, amphibious, 8 rings, constrict 8, camouflage
1, gelatinous body 1
a: no special abilities


You were in the Dungeon.
You were not hungry.

You visited 1 branch

Inventory:

Hand Weapons
 a - a +1 dagger (weapon)
Scrolls
 i - a scroll of blinking
Potions
 d - a potion of curing
 e - a potion of heal wounds
 f - a potion of haste
 g - 2 potions of magic
Books
 b - a book of Maledictions

   Spells                             Type                      Level
   a - Corona                         Hexes                        1
   b - Ensorcelled Hibernation        Hexes/Ice                    2
   c - Confuse                        Hexes                        3
   d - Tukima's Dance                 Hexes                        3
   e - Dazzling Spray                 Conjuration/Hexes            3
Comestibles
 c - a bread ration


   Skills:
 + Level 0.8 Fighting
 + Level 1.6 Short Blades
 + Level 3.0 Dodging
 * Level 8.5 Stealth
 + Level 2.9 Spellcasting
 + Level 5.0 Hexes


You had 7 spell levels left.
You knew the following spells:

 Your Spells              Type           Power        Failure   Level  Hunger
a - Corona                Hex            ###....      2%          1    #......


Dungeon Overview and Level Annotations

Branches:
Dungeon (1/1)

Altars:


Innate Abilities, Weirdness & Mutations

You cannot wear most types of armour.
You are very stealthy in the water. (Stealth+)
You are amphibious.
You can wear up to eight rings at the same time.
You can use your tentacles to constrict eight enemies at once.
Your skin changes colour to match your surroundings (Stealth+).
Your rubbery body absorbs attacks. (AC +1, EV +1)


Message History

You feel sick. The adder closely misses you.
You puncture the adder!
You kill the adder!
Your Dodging skill increases to level 3!
Your Hexes skill increases to level 5!
You have reached level 4!
* * * LOW HITPOINT WARNING * * *
You feel sick.
* * * LOW HITPOINT WARNING * * *
You feel sick. The iguana misses you.
You barely miss the iguana. You grab the iguana.
You constrict the iguana, but do no damage.
The iguana bites you.
* * * LOW HITPOINT WARNING * * *
You puncture the iguana!
The iguana is severely wounded.
You are no longer berserk.
You pass out from exhaustion.
You lose your grip on the iguana.
You feel yourself slow down.
You die...

▓+▓
▓.▓
▓.▓
▓S▓
▓l▓
▓@▓
▓†▓
▓.▓
▓.▓
▓.▓
▓.▓
▓)▓
▓)▓
▓.▓


You could see an iguana and an adder.

Vanquished Creatures
  2 worker ants (D)
  An adder (D)
  A dart slug (D)
  4 hobgoblins (D)
8 creatures vanquished.

Notes
Turn   | Place    | Note
-------+----------+-------------------------------------------
     0 | D        | suicidejoker the Octopode Enchanter began the quest for the Orb.
     0 | D        | Reached XP level 1. HP: 11/11 MP: 3/3
    10 | D        | Reached skill level 5 in Stealth
    14 | D        | Reached XP level 2. HP: 9/17 MP: 5/5
   188 | D        | Reached skill level 7 in Stealth
   188 | D        | Reached XP level 3. HP: 19/22 MP: 6/6
   194 | D        | Reached skill level 8 in Stealth
   196 | D        | Reached skill level 5 in Hexes
   196 | D        | Reached XP level 4. HP: 5/27 MP: 6/8
   198 | D        | HP: 1/40 [iguana (3)]
   199 | D        | Succumbed to a worker ant's poison

Skill      XL: |  1  2  3 |
---------------+----------+-----
Stealth        | 5 7 8 |  8.5
Hexes          | 4 5 |  5.0
Dodging        | 3 |  3.0
Fighting       | |  0.8
Short Blades   | |  1.6
Spellcasting   | |  2.9

Action                   |  1- 3 |  4- 6 || total
-------------------------+-------+-------++-------
Melee: Dagger            |    26 |     2 ||    28
       Constrict         |     7 |     1 ||     8
       Tentacles         |     7 |       ||     7
  Use: Potion            |     1 |       ||     1
Dodge: Dodged            |     9 |     1 ||    10
